[Event "Aktobe Open 2022"]
[Site "Aktobe"]
[Date "2022.06.18"]
[Round "7.3"]
[White "Ponkratov, Pavel"]
[Black "Vokhidov, Shamsiddin"]
[Result "1/2-1/2"]
[ECO "B81"]
[WhiteElo "2624"]
[BlackElo "2536"]
[Annotator "TA"]
[PlyCount "106"]
[EventDate "2022.06.14"]
[EventType "swiss"]
[EventCountry "KAZ"]
[SourceTitle "playchess.com"]
[Source "ChessBase"]
[SourceQuality "1"]
[TimeControl "5400+30"]

1. e4 c5 2. Nf3 d6 3. d4 cxd4 4. Nxd4 Nf6 5. Nc3 a6 6. h3 e6 7. g4 h6 8. Be3 (8. Bg2 $14) 8... b5 $1 $11 {[%emt 0:04:08] B81: Sicilian Scheveningen: Keres Attack.} 9. Bg2 Bb7 $1 10. a3 Nbd7 {[%emt 0:00:48] Black has an edge.} 11. h4 {[%emt 0:00:10] [#]} Rc8 $146 ({Predecessor:} 11... Ne5 12. g5 hxg5 13. hxg5 Rxh1+ 14. Bxh1 Nfd7 15. f4 Nc4 16. Bc1 Rc8 17. Nde2 g6 {½-½ (71) Rombaldoni,A (2459)-Georgiev,K (2666) Porto Carras 2011}) 12. g5 {[%emt 0:03:23] [#]} Rxc3 $1 13. bxc3 Nxe4 14. g6 Qf6 (14... Ne5 $15 15. gxf7+ Kxf7 16. Bxe4 Bxe4) 15. gxf7+ $14 Kxf7 16. Qg4 Ne5 17. Qh3 Be7 {[%emt 0:07:29] Threatens to win with ...Rc8.} 18. f4 Nc4 {[%emt 0:17:58][%mdl 1024] Black has compensation. Pair of Knights!} 19. O-O $1 Rc8 20. Rae1 d5 {[%emt 0:04:08] aiming for ...Bc5.} 21. f5 $1 e5 22. Ne6 $1 {[%emt 0:00:04] Bxe4 is the strong threat.} Ncd6 23. Bxe4 (23. Qg4 Kg8 24. Bxe4 Nxe4 $15) 23... Nxe4 24. Bg5 Rxc3 25. Qxc3 {[%emt 0:08:15] Really sharp!} ({Of course not} 25. Bxf6 Rxh3 26. Bxe7 (26. Bxe5 Rxh4 27. Rd1 g5 $17) 26... Kxe7 27. Nxg7 Rg3+ 28. Kh2 Rxg7 $15) 25... Nxc3 26. Bxf6 Bxf6 27. Rxe5 Bxe5 28. Nd8+ Kf6 29. Nxb7 $11 {[%emt 0:00:05][%mdl 4096] Endgame KRN-KBN} Ne4 30. Rd1 d4 31. Nd8 Nc3 32. Rf1 Bd6 33. Nc6 Bxa3 34. Kg2 Nd5 35. Kf3 Kxf5 36. Ra1 (36. Re1 $5 d3 37. cxd3 $14) 36... Bb2 37. Rxa6 Bc3 {[%emt 0:01:36] Prevents Ra5.} 38. Ra8 Ne3 39. Rb8 b4 40. Nxb4 Bxb4 {[%emt 0:00:08][%mdl 64] [#] Remove Defender} 41. Rxb4 {[%emt 0:00:04] And now c3 would win.} Nxc2 {[%emt 0:00:04] KR-KN} 42. Rb5+ Kf6 43. Ke4 g6 44. Rb6+ Kf7 45. Ke5 {[%emt 0:00:08] Strongly threatening Rb7+.} d3 46. Rf6+ Ke7 47. Re6+ Kf7 48. Rd6 Ne1 49. Rd7+ Ke8 50. Ke6 Nf3 51. Re7+ Kd8 {[%emt 0:00:01] ( -> ...Nd4+)} 52. Rd7+ Ke8 53. Re7+ Kd8 {[%emt 0:00:05] Weighted Error Value: White=0.06 (flawless) /Black=0.07 (flawless)} 1/2-1/2

[Event "Aktobe Open 2022"]
[Site "Aktobe"]
[Date "2022.06.18"]
[Round "7.4"]
[White "Nesterov, Arseniy"]
[Black "Kostenko, Petr"]
[Result "1-0"]
[ECO "A60"]
[WhiteElo "2569"]
[BlackElo "2416"]
[Annotator "TA"]
[PlyCount "135"]
[EventDate "2022.06.14"]
[EventType "swiss"]
[EventCountry "KAZ"]
[SourceTitle "playchess.com"]
[Source "ChessBase"]
[SourceQuality "1"]
[TimeControl "5400+30"]

1. d4 Nf6 2. c4 e6 3. g3 c5 4. d5 exd5 5. cxd5 g6 6. Nf3 {[%emt 0:00:08] A60: Modern Benoni: Early Divergences.} Bg7 7. Nc3 O-O {[%emt 0:00:44] The main line 7...0-0 scores better than 7...d6.} 8. d6 $5 {[%emt 0:05:41][%mdl 4] [#] The position is equal. An interesting side line.} Qa5 $146 ({Predecessor:} 8... b5 9. Bg2 b4 10. Na4 Na6 11. Ne5 Rb8 12. O-O Qe8 13. Nc4 Qe6 14. Qd3 Re8 {1-0 (60) Bocharov,D (2558)-Ponkratov,P (2604) Khanty-Mansiysk 2015}) 9. Nd2 {[%emt 0:04:59] Against Ne4} Qa6 10. Nde4 (10. Bg2 $11) 10... Nxe4 $15 11. Nxe4 Nc6 12. Bg2 b6 13. O-O Bb7 14. Bg5 Rae8 15. Nc3 (15. Re1 $1 $15) 15... Re6 (15... Bxc3 $17 16. bxc3 Rxe2) 16. Bd5 Re5 ({Black should play} 16... Bxc3 $17 17. Bxe6 Nd4) 17. Bf4 Ree8 (17... Rxd5 $5 18. Nxd5 (18. Qxd5 $2 {too greedy.} Nd4 $19) 18... Bxb2 $11) 18. e3 h6 19. h4 {[%emt 0:02:37] Prevents g5.} Nd8 20. Qf3 Kh7 21. a4 (21. Rac1 $11 {remains equal.}) 21... Bxc3 $17 22. bxc3 Bxd5 23. Qxd5 Qb7 24. Qxb7 Nxb7 25. g4 Re4 {[%emt 0:09:01] White should prevent ...Rc4.} 26. f3 Rc4 27. Ra3 Nd8 (27... f5 $11 28. gxf5 Rxf5) 28. Kf2 $1 $14 Re8 (28... f5 $14) 29. Bg3 $1 $16 f5 30. Ke2 (30. gxf5 $16 {Black must now prevent Ke2.} gxf5 31. Ke2) 30... Nc6 $2 (30... fxg4 $2 31. Kd3 $18) (30... f4 $1 $11 {and Black stays safe.} 31. Kd3 Rb4 32. Bxf4 Rb2) 31. Kd3 $36 {[%emt 0:00:19][%mdl 2048] White is in control.} Na5 32. gxf5 gxf5 {[%emt 0:00:03] [#]} 33. Rb1 (33. h5 $1 $16) 33... Rg8 $1 $14 34. Bf4 Rxf4 35. exf4 {[%emt 0:00:01][%mdl 4096] Endgame Re1 is the strong threat. KRR-KRN} Rg3 (35... Rg2 $16) 36. Rf1 $18 Rg2 37. Re1 (37. h5 $18) 37... c4+ $16 38. Kd4 Kg6 39. h5+ Kf6 40. Ke3 {[%emt 0:00:25] aiming for Raa1.} Nb3 {[%emt 0:01:14] Against Raa1} (40... Rc2 $142) 41. Re2 $18 Rg1 42. Raa2 {[%emt 0:00:24] And now Rg2 would win.} Nc1 43. Rg2 Re1+ 44. Kd2 Rh1 {[%emt 0:00:18] [#]} 45. Rc2 Nb3+ 46. Ke3 {[%emt 0:00:02] Hoping for Rg6+.} Rxh5 47. Rg1 {[%emt 0:01:00] Prevents Rh1.} (47. Rh2 $18 Rxh2 48. Rxh2) 47... Ke6 $16 48. Rd1 Rh4 49. Rg2 Kf7 50. Rdg1 {[%emt 0:00:44] Strongly threatening Rg7+.} Ke6 51. Rg6+ Kd5 52. Rd1+ Kc6 53. Rg8 {[%emt 0:00:12] Threatens to win with Rc8+.} Nc5 $2 {[%emt 0:02:34][%mdl 8192] Loses the game.} (53... Kb7 $16 {might work better.} 54. Rd5 Rh1) 54. Rc8+ $18 Kb7 55. Rc7+ Ka6 56. Rd5 Rh1 57. Rxf5 Rd1 (57... Re1+ $142 58. Kd2 Re6) 58. Rfxc5 bxc5 59. Rxd7 {[%emt 0:00:03] KR-KR} Re1+ 60. Kf2 Re6 61. Kg3 Rg6+ 62. Kh4 Kb6 63. f5 Rf6 64. Kg4 Kc6 65. Rxa7 Rf8 66. Rh7 Ra8 67. d7 Kc7 68. d8=Q+ {[%emt 0:00:05] Weighted Error Value: White=0.15 (very precise) /Black=0.28 (precise)} 1-0

[Event "Aktobe Open 2022"]
[Site "Aktobe"]
[Date "2022.06.18"]
[Round "7.5"]
[White "Nogerbek, Kazybek"]
[Black "Volkov, Sergey"]
[Result "1/2-1/2"]
[WhiteElo "2424"]
[BlackElo "2510"]
[Annotator "TA"]
[PlyCount "29"]
[EventDate "2022.06.14"]
[EventType "swiss"]
[EventCountry "KAZ"]
[SourceTitle "playchess.com"]
[Source "ChessBase"]
[SourceQuality "1"]
[TimeControl "5400+30"]

1. d4 d5 2. c4 c6 3. cxd5 cxd5 4. Nc3 Nc6 5. Bf4 Nf6 6. e3 Bg4 7. Be2 {[%emt 0:00:39] D10: Slav Defence: 3 cxd5 (without early Nf3) and 3 Nc3.} Bxe2 8. Qxe2 e6 {[%emt 0:00:17] [#] An uneventful encounter.  Weighted Error Value: White=0.15 (very precise) /Black=0.07 (flawless)} {Predecessor:} 9. Nf3 $146 Be7 10. O-O O-O 11. Rfc1 Rc8 12. Ne5 Nxe5 13. Bxe5 Nd7 14. Bg3 Rc6 15. Na4 {½-½ (30) Iturrizaga Bonelli,E (2636)-Dreev,A (2649) Bastia 2018} 1/2-1/2

[Event "Aktobe Open 2022"]
[Site "Aktobe"]
[Date "2022.06.18"]
[Round "7.6"]
[White "Makhnev, Denis"]
[Black "Balmagambetov, Timur"]
[Result "1-0"]
[ECO "A81"]
[WhiteElo "2505"]
[BlackElo "1957"]
[Annotator "TA"]
[PlyCount "149"]
[EventDate "2022.06.14"]
[EventType "swiss"]
[EventCountry "KAZ"]
[SourceTitle "playchess.com"]
[Source "ChessBase"]
[SourceQuality "1"]
[TimeControl "5400+30"]

1. d4 f5 2. g3 Nf6 3. Bg2 g6 4. Nh3 d6 5. Nc3 Bg7 6. d5 c6 7. Nf4 e5 {[%emt 0:01:55] A81: Dutch Defence: 2 g3.} 8. dxe6 O-O 9. O-O {[%emt 0:11:50] White is more active.} ({White should try} 9. h4 $1 $16) 9... d5 $11 {[%emt 0:03:38] The position is equal.} 10. Be3 {[%emt 0:06:03] [#]} Qe7 $146 ({Predecessor:} 10... Re8 11. h4 Na6 12. Na4 Bxe6 13. Nc5 Nxc5 14. Bxc5 Bf7 15. Bd4 Qd6 16. Nd3 b6 {0-1 (29) Velichko,A (2147)-Babarykin,S (2331) Moscow 2017}) 11. Bd4 Bxe6 {[%emt 0:01:17] [#]} (11... Na6 $11) 12. Bc5 $1 $16 Qxc5 (12... Qe8 13. Bxf8) 13. Nxe6 Qe7 14. Nxf8 Kxf8 15. e3 Nbd7 16. Ne2 Kg8 17. c4 dxc4 18. Qc2 Nb6 19. Nc3 Nfd7 20. Rfd1 Ne5 21. Rab1 Rb8 22. b3 cxb3 23. Qxb3+ Kf8 (23... Qf7 $16 24. Na4 Qxb3 25. axb3 Ned7) 24. Ne2 Nbd7 (24... Nec4 $142 25. Nf4 Na5 26. Ne6+ Kg8) 25. Nd4 $18 Bf6 26. Ne6+ Kf7 27. Nc5+ Kg7 28. Nxd7 (28. Nxb7 Nb6 $18) 28... Nxd7 {[%emt 0:00:04] [#]} 29. Bxc6 $1 Nc5 (29... bxc6 $2 30. Rxd7 $1 Rxb3 31. Rxe7+ Bxe7 32. axb3 $18) 30. Qa3 b6 31. Bf3 Rc8 32. Rbc1 Rc7 33. Kg2 Be5 34. Qb4 Qf6 35. Rd5 Re7 36. Rcd1 Bc7 37. h4 h5 38. Qd4 Be5 39. Qc4 Bc7 40. R5d2 Kh7 (40... Qf7 $142 41. Qxf7+ Kxf7 42. Bd5+ Kg7) 41. Re2 Kg7 42. Qd4 Be5 43. Qd8 Bc7 44. Qa8 a5 45. Bd5 Kh6 46. Red2 Rh7 47. Qc6 Qe5 (47... Qxc6 {keeps fighting.} 48. Bxc6 Re7) 48. Bf3 {[%emt 0:00:58] Rd5 is the strong threat.} Qe7 {[%emt 0:01:56] [#]} 49. Bd5 $2 (49. Rd6 $1 $18 Bxd6 50. Rxd6) 49... Rg7 (49... Qe5 $1 $11 {and Black stays safe.} 50. Rd4 Re7) 50. Bc4 Kh7 51. Qa8 Qf6 52. Rd4 Re7 53. Qg8+ Kh6 54. Bb5 Rf7 55. Qc8 Kg7 $2 (55... Qg7 56. Qe8 Qf6) 56. Kg1 ({Not} 56. Bc4 Re7 57. Qg8+ Kh6 $18) (56. f4 $142) 56... Re7 57. Qa8 Kh7 58. Qc6 Qe5 59. Bd3 Rf7 (59... Qe6 {was necessary.} 60. Bb5 Kh6 61. Qxe6 Rxe6) 60. Bc2 Kg7 $2 (60... Qg7 61. Bb3 Re7) 61. Bb3 Re7 {[%emt 0:01:15] [#]} 62. Rd6 $1 Bxd6 63. Rxd6 Nxb3 64. axb3 {[%emt 0:00:04][%mdl 4096] Endgame KQR-KQR} Kf7 (64... Qa1+ $2 65. Kg2 Qe5 66. Rxg6+ Kf7 67. Rh6 Qe4+ 68. Qxe4 Rxe4 69. Rxb6) 65. Qxb6 f4 $2 (65... Re6 66. Qc7+ Kf6 67. Qd8+ Kf7) 66. exf4 Qf5 67. Qd4 {[%emt 0:01:19] And now Qh8 would win.} Rb7 68. Kh2 Re7 69. Rd5 (69. Qh8 $142 {Threatening mate with Qh7+.} Re2 70. Qh7+ Ke8 71. Qg8+ Ke7 72. Qd8+ Kf7 73. Rd7+ Qxd7 74. Qxd7+ Kf8 75. Qd3) 69... Qc2 (69... Qe4 $142 70. Qxe4 Rxe4 71. Rxa5 Rb4) 70. Rxa5 (70. f5 $142 a4 71. fxg6+ Qxg6 72. Qf4+ Ke8 73. Qxa4+ Kf8 74. Qf4+ Ke8 75. Rf5) 70... Qxb3 71. f5 {[%emt 0:00:05] White mates.} Qf3 72. fxg6+ Kxg6 73. Rg5+ Kh7 74. Qc5 Kh6 75. Qd6+ {[%emt 0:00:05] Weighted Error Value: White=0.22 (precise) /Black=0.39} 1-0

[Event "Aktobe Open 2022"]
[Site "Aktobe"]
[Date "2022.06.18"]
[Round "7.7"]
[White "Kekelidze, Mikheil"]
[Black "Urazayev, Arystanbek"]
[Result "1/2-1/2"]
[ECO "E73"]
[WhiteElo "2388"]
[BlackElo "2445"]
[Annotator "TA"]
[PlyCount "126"]
[EventDate "2022.06.14"]
[EventType "swiss"]
[EventCountry "KAZ"]
[SourceTitle "playchess.com"]
[Source "ChessBase"]
[SourceQuality "1"]
[TimeControl "5400+30"]

1. d4 Nf6 2. c4 g6 3. Nc3 Bg7 4. e4 d6 5. Be2 O-O 6. g4 c5 7. d5 e6 8. g5 Ne8 9. h4 exd5 {[%emt 0:00:20] E73: King's Indian: Averbakh Variation without 6...c5.} 10. exd5 Bf5 (10... Bxc3+ $5 11. bxc3 Bf5 $15) 11. Bd3 (11. Qd2 $15) 11... Qd7 {[%emt 0:10:10] [#]} (11... Bxc3+ $17 12. bxc3 Ng7) 12. Qc2 $146 ({Predecessor:} 12. Bxf5 Qxf5 13. Qf3 Qd7 14. Qh3 f6 15. Nge2 fxg5 16. hxg5 Qxh3 17. Rxh3 Nd7 18. Be3 {1-0 (43) Toulzac,P (2240)-Jaureguiberry,C Creon 1997}) 12... Bxd3 13. Qxd3 a6 14. a4 Nc7 (14... Bxc3+ $5 15. bxc3 Ng7 $15) 15. a5 {[%emt 0:03:15] Active counter play!} Qg4 {[%emt 0:02:12] Prevents Bf4.} ({Much less strong is} 15... Bd4 16. Bf4 $16) (15... Bxc3+ $5 16. Qxc3 Qf5 $15) 16. Nge2 {[%emt 0:06:23] Bf4 is the strong threat.} Nd7 {[%emt 0:02:56] aiming for ...Ne5.} 17. Qh3 f5 (17... Bxc3+ $11 18. Nxc3 Rae8+ 19. Be3 f5 20. Qxg4 fxg4) 18. f4 ({White should try} 18. Bf4 $16) 18... Qxh3 (18... b5 $15 19. axb6 Nxb6) 19. Rxh3 $11 b5 {[%emt 0:00:19] [#]} (19... Rfe8 $11 {keeps the balance.}) 20. axb6 $1 $16 Nxb6 21. b3 Rfb8 22. Ra3 Rb7 23. Kd1 Kf7 24. h5 Nd7 25. h6 Bh8 26. Bd2 Re8 27. Kc2 Nb8 28. Re3 Rxe3 29. Bxe3 Nd7 30. Nc1 Rb8 31. N1e2 (31. Nd1 $16) 31... Ke7 (31... Rb7 $1 $11) 32. Bd2 Nb6 33. Nd1 Kd7 34. Kd3 Ke7 35. Ne3 Nd7 36. Ng3 Rf8 (36... Nb6 $16 37. Ba5 Ne8) 37. Ba5 $18 Na8 38. Ra2 Nb8 $2 (38... Kf7 39. Bd2 Rb8) 39. b4 cxb4 40. Bxb4 Kd7 41. c5 (41. Ba5 $142) 41... dxc5 42. Bxc5 Rc8 43. Ba7 Nc7 44. Ra5 (44. Ne2 $16) 44... Nb5 $11 45. Bxb8 Rxb8 46. Rxa6 Nc7 $1 47. Ra3 {[%emt 0:02:02] Against Rb3+} Bb2 48. Ra4 Rb3+ 49. Ke2 Nb5 {[%emt 0:01:25] And now ...Nc3+ would win.} 50. Ra8 Bd4 {[%emt 0:01:50] [#]} 51. Ngxf5 gxf5 52. Nxf5 {[%emt 0:00:26] Black must now prevent Rf8.} Bb2 53. Rf8 {[%emt 0:00:42] Hoping for Rf7+.} (53. Rg8 $5 Nc7 {[#]} 54. Rg7+ $1 Bxg7 55. hxg7 $16) 53... Nd6 {[%emt 0:03:18] Inhibits Rf7+. The position is equal.} 54. Nxd6 Kxd6 {[%emt 0:00:02][%mdl 4096] Endgame KRB-KR} 55. f5 Kxd5 56. f6 Rg3 57. Rb8 Bxf6 58. gxf6 {[%emt 0:00:11] f7 would kill now. KR-KR} Ke6 59. Rb7 {[%emt 0:00:42] Threatening mate with f7.} Kxf6 60. Rxh7 Rh3 61. Rh8 Kg6 62. Kf2 Rxh6 63. Rxh6+ Kxh6 {[%emt 0:07:37] Blacks defense is rewarded with a draw.  Weighted Error Value: White=0.21 (precise) /Black=0.22 (precise)} 1/2-1/2

[Event "Aktobe Open 2022"]
[Site "Aktobe"]
[Date "2022.06.18"]
[Round "7.8"]
[White "Katenov, Aibek"]
[Black "Moisseyenko, Ilya"]
[Result "0-1"]
[ECO "D10"]
[WhiteElo "2161"]
[BlackElo "2291"]
[Annotator "NA RC"]
[PlyCount "74"]
[EventDate "2022.06.14"]
[EventType "swiss"]
[EventCountry "KAZ"]
[SourceTitle "playchess.com"]
[Source "ChessBase"]
[SourceQuality "1"]
[TimeControl "5400+30"]

1. d4 d5 2. c4 c6 3. cxd5 cxd5 4. Bf4 Nf6 5. Nc3 Nc6 6. e3 a6 7. Be2 e6 8. Nf3 Bd6 9. Bg3 O-O 10. O-O Bxg3 11. hxg3 Bd7 12. Bd3 Rc8 13. Qe2 Qe7 14. Rfc1 Rc7 $11 15. Ne5 Rfc8 16. Nxc6 Bxc6 17. Rc2 e5 18. dxe5 Qxe5 19. Qd2 Rd7 20. Ne2 Ng4 21. Nd4 Qh5 22. Bf5 Qh2+ 23. Kf1 Ne5 24. Nxc6 Rxc6 25. Rxc6 bxc6 26. Rc1 Rd8 27. Bh3 g5 28. Ke2 Re8 29. Qd4 h5 30. Rxc6 Nxc6 31. Qf6 Ne5 32. Qxg5+ Ng6 33. Bd7 Re5 34. Qd8+ Kg7 35. Bh3 Qg1 36. Qc7 d4 37. Qc1 Qxc1 0-1

[Event "Aktobe Open 2022"]
[Site "Aktobe"]
[Date "2022.06.18"]
[Round "7.9"]
[White "Sadubayev, Airat"]
[Black "Afanasiev, Nikita"]
[Result "1/2-1/2"]
[ECO "B04"]
[WhiteElo "2317"]
[BlackElo "2567"]
[Annotator "TA"]
[PlyCount "75"]
[EventDate "2022.06.14"]
[EventType "swiss"]
[EventCountry "KAZ"]
[SourceTitle "playchess.com"]
[Source "ChessBase"]
[SourceQuality "1"]
[TimeControl "5400+30"]

1. e4 Nf6 2. e5 Nd5 3. d4 d6 4. c4 Nb6 5. exd6 exd6 6. h3 Nc6 7. Nf3 Bf5 {B04: Alekhine's Defence: 4 Nf3.} 8. Be2 Nb4 {[#] aiming for ...Nc2+.} 9. Na3 {[#] Prevents Nc2+.} c6 $146 {The position is equal.} ({Predecessor:} 9... a5 10. O-O Be7 11. Be3 O-O 12. Qd2 Re8 13. Rfe1 h6 14. d5 c6 15. Nd4 Bg6 16. dxc6 bxc6 {½-½ (23) Berezjuk,S (2406)-Teske,H (2536) Pardubice 2009}) 10. O-O Be7 11. Bd2 a5 12. Qb3 d5 13. c5 Nd7 14. Bxb4 axb4 15. Nc2 ({Don't play} 15. Qxb4 b6 $15) 15... Bxc2 16. Qxc2 O-O 17. Bd3 g6 18. a3 bxa3 19. bxa3 (19. Rxa3 $11 Bf6 20. Rfa1 Rxa3 21. Rxa3) 19... Bf6 (19... b6 $1 $15 20. cxb6 Qxb6) 20. Rfb1 $11 Ra7 21. Rb4 Qc7 22. a4 Re8 23. g3 Nf8 24. h4 Qd7 25. Rab1 Re7 26. Bf1 (26. Qc1 {is more complex.} Kg7 27. Qd2 h5 28. Kg2) 26... h5 27. Kh2 Qe8 28. R1b2 Bg7 29. Bh3 Nh7 30. a5 Bf6 (30... Rxa5 {looks sharper.} 31. Rxb7 Rxb7 32. Rxb7 Qe4) 31. a6 Rxa6 32. Rxb7 Rxb7 33. Rxb7 Nf8 {Inhibits Bd7.} 34. Qb2 Ra8 {Against Rb8} 35. Qd2 Ra3 36. Qf4 Rxf3 37. Qxf3 $16 Bxd4 38. g4 {[%emt 0:21:33] Weighted Error Value: White=0.06 (flawless) /Black=0.08 (flawless)} (38. Qf4 $16 Bxc5 39. Kg1) 1/2-1/2

[Event "Aktobe Open 2022"]
[Site "Aktobe"]
[Date "2022.06.19"]
[Round "8.1"]
[White "Ponkratov, Pavel"]
[Black "Vakhidov, Jakhongir"]
[Result "1-0"]
[ECO "C70"]
[WhiteElo "2624"]
[BlackElo "2552"]
[Annotator "TA"]
[PlyCount "119"]
[EventDate "2022.06.14"]
[EventType "swiss"]
[EventCountry "KAZ"]
[SourceTitle "playchess.com"]
[Source "ChessBase"]
[SourceQuality "1"]
[TimeControl "5400+30"]

1. e4 e5 2. Nf3 Nc6 3. Bb5 a6 4. Ba4 Nge7 5. Bb3 Ng6 6. h4 {[%emt 0:01:13][%cal Bh2h4,Bh4h5][%mdl 32] [#] C70: Ruy Lopez: 3...a6 4 Ba4, Norwegian and Delayed Schliemann.} Na5 $146 (6... Be7 $5 ) ({Predecessor:} 6... Be7 7. d3 h6 8. h5 Nh4 9. Nxh4 Bxh4 10. g3 Bf6 11. Be3 Na5 12. Nc3 d6 {½-½ (41) Movsesian,S (2696)-Mamedyarov,S (2759) Rhodes 2013}) 7. h5 Nf4 (7... Ne7 $14) 8. d4 $1 $16 {[%emt 0:00:04][%cal Ob3f7] White is better.} Nxb3 9. axb3 Nxg2+ 10. Kf1 Nf4 11. Nxe5 Ne6 12. d5 (12. Qf3 f6 13. Nc4 Nxd4 $15) 12... Nc5 13. Nc3 ({Don't play} 13. Qf3 Qe7 14. Nc4 Qxe4 15. Qxe4+ Nxe4 $15) 13... d6 14. Nd3 Nxd3 15. Qxd3 Be7 16. Rg1 Bf6 17. Be3 Bd7 18. Bd4 Bxd4 19. Qxd4 Qh4 20. Rxg7 Qxh5 {[%emt 0:04:31] [#]} (20... Ke7 $11 {keeps the balance.}) 21. Qf6 $1 {[%emt 0:01:20] Threatens to win with Rg5.} Rf8 22. Re1 {[%emt 0:26:11] 0x0.0022fbad9e72dp-1022s more active pieces. The black rooks are badly placed.} Qe5 23. Qxe5+ $40 {[%emt 0:00:06][%mdl 128] White attacks with force.} dxe5 24. Rxh7 f5 {[%emt 0:02:25] [#]} 25. exf5 (25. Ke2 $142 $1) 25... O-O-O 26. Rxe5 {[%emt 0:00:10] Hoping for Rh5.} c6 $2 {[%emt 0:14:23] Loses the game.} (26... Bxf5 $16 27. Rg7 Rde8 28. Rxe8+ Rxe8) 27. Na4 (27. dxc6 $142 Bxc6 28. Ke2) 27... Bxf5 $18 28. Rg7 Bh3+ 29. Kg1 Rg8 30. Nb6+ Kb8 31. Rxg8 Rxg8+ {[%emt 0:00:03][%mdl 4096] Endgame KRB-KRN} 32. Kh2 Rh8 33. Kg3 {[%emt 0:01:31] aiming for d6.} Kc7 34. Nc4 cxd5 35. Rxd5 Bd7 36. Rc5+ Kd8 37. Rg5 Rh1 38. Ne5 Bc8 39. Nd3 Ke7 40. Kf4 Kf6 41. Rg8 Bd7 42. Rf8+ Ke7 43. Rb8 Bc6 44. Ke3 Rh3+ 45. Kd2 Rh2 46. b4 Rh5 47. b3 Rh2 48. Ke3 Rh3+ 49. Kd4 Kd6 50. Rg8 Rh4+ 51. f4 {[%emt 0:00:09] Rg6+ is the strong threat.} Rh2 (51... Ke6 $142 52. Rb8 Rh2 53. Nc5+ Kd6) 52. c4 Re2 53. Rg6+ Ke7 54. Ne5 Be4 55. Rh6 {[%emt 0:01:07] White is clearly winning.} Kd8 (55... Re1 $142 56. Nd3 Bxd3) 56. Nf7+ Kd7 57. Nd6 Bg2 58. Kc5 Rb2 59. Rh7+ Ke6 60. f5+ {[%emt 0:14:05] Weighted Error Value: White=0.11 (very precise) /Black=0.32} 1-0

[Event "Aktobe Open 2022"]
[Site "Aktobe"]
[Date "2022.06.19"]
[Round "8.2"]
[White "Nesterov, Arseniy"]
[Black "Agmanov, Zhandos"]
[Result "1/2-1/2"]
[ECO "E16"]
[WhiteElo "2569"]
[BlackElo "2420"]
[Annotator "TA"]
[PlyCount "70"]
[EventDate "2022.06.14"]
[EventType "swiss"]
[EventCountry "KAZ"]
[SourceTitle "playchess.com"]
[Source "ChessBase"]
[SourceQuality "1"]
[TimeControl "5400+30"]

1. d4 e6 2. c4 Nf6 3. g3 d5 4. Bg2 Bb4+ 5. Nd2 O-O 6. Ngf3 b6 7. O-O Bb7 8. a3 (8. Ne5 {keeps more tension.} a5 9. Qc2 c5 10. cxd5 exd5 11. Ndf3) 8... Be7 {[%emt 0:00:17] E16: Queen's Indian: 4 g3 Bb7 5 Bg2 Bb4+.} 9. b4 Nbd7 10. c5 a5 11. Qc2 {[%emt 0:06:25] Strongly threatening c6.} c6 12. Bb2 axb4 13. axb4 {[%emt 0:00:05] [#]} Qc7 $146 ({Predecessor:} 13... b5 14. Nb3 Qc7 15. Na5 Rfe8 16. Bc1 Bf8 17. Bf4 Qc8 18. Bh3 g6 19. Ne5 Nh5 20. Nxd7 Qxd7 {1-0 (41) Puszczewicz,K (2026)-Rossienik,W (1498) Wroclaw 2014}) 14. Nb3 Rxa1 15. Rxa1 Ra8 16. Rxa8+ Bxa8 17. Bc3 Qa7 18. cxb6 Qa4 19. Qb2 Nxb6 20. Nc5 Qa7 21. Ne5 Nfd7 22. Nexd7 Nxd7 23. e3 Nb6 24. Bf1 Nc8 25. h4 Nd6 26. h5 Bb7 {[%emt 0:04:02] The position is equal.} 27. Bd3 Bc8 28. Qc2 h6 29. Kg2 Qa3 30. Bd2 Nc4 31. Bxc4 dxc4 32. Qe4 Bxc5 33. dxc5 Bb7 {[%emt 0:02:20] [#] Hoping for ...c3.} 34. Qe5 {[%emt 0:07:36] Against c3} Qd3 35. Bc3 Qd5+ {[%emt 0:00:07] Weighted Error Value: White=0.05 (flawless) /Black=0.03 (flawless)} 1/2-1/2